 Dungeon Sprint DCSS version 0.30.1-1-g62c8e00024 (webtiles) character file.

Game seed: 9705193605345612663

90 boopmooplesden the Twirler (level 4, -8/36 HPs)
             Began as a Demonspawn Gladiator on July 16, 2023.
             Was a Priest of Trog.
             Mangled by a gnoll
             ... wielding a +0 flail
             ... led by a gnoll sergeant
              (11 damage)
             ... in the Dungeon (Sprint VII: "The Pits").
             The game lasted 00:00:35 (97 turns).

boopmooplesden the Twirler (Demonspawn Gladiator)     Turns: 97, Time: 00:00:36

Health: -8/36      AC:  4    Str: 16    XL:     4   Next: 32%
Magic:  0/4        EV: 13    Int:  9    God:    Trog [***...]
Gold:   0          SH:  0    Dex: 15    Spells: 3/3 levels left

rFire   . . .        l - +2 quarterstaff
rCold   . . .        (shield currently unavailable)
rNeg    . . .        b - +0 leather armour
rPois   .            c - +0 helmet
rElec   .            (no cloak)
rCorr   .            (no gloves)
SInv    .            (no boots)
Will    .....        (no amulet)
Stlth   ++           (no ring)
HPRegen 0.26/turn    (no ring)
MPRegen 0.18/turn

%: no teleportation, guardian spirit
@: on berserk cooldown, slowed, very slow
A: magic shield, magic regeneration
a: Renounce Religion, Berserk, Trog's Hand


You were in the Dungeon.
You worshipped Trog.
Trog was most pleased with you.
You visited 1 branch

Inventory:

Hand Weapons
 a - a +0 quarterstaff
 l - a +2 quarterstaff (weapon)
Missiles
 d - 3 throwing nets (quivered)
 e - a javelin
Armour
 b - a +0 leather armour (worn)
 c - a +0 helmet (worn)
Scrolls
 k - a scroll of blinking
 n - a scroll of summoning
Potions
 f - a potion of curing
 h - a potion of haste
 i - 4 potions of magic
 j - 3 potions of berserk rage
 m - 2 potions of invisibility


   Skills:
 + Level 3.6 Fighting
 + Level 5.7 Staves
 + Level 2.3 Throwing
 + Level 2.0 Armour
 + Level 4.9 Dodging
 + Level 1.3 Stealth


You had 3 spell levels left.
You didn't know any spells.
Your spell library was empty.

Dungeon Overview and Level Annotations

Branches:
Dungeon (1/1)

Altars:
Cheibriados
Dithmenos
Fedhas
Gozag
Hepliaklqana
Makhleb
Nemelex Xobeh
Okawaru
Qazlal
Ru
Sif Muna
Trog
Vehumet
Wu Jian
Xom
Yredelemnul
Jiyva
Lugonu


Innate Abilities, Weirdness & Mutations

When hurt, damage is shared between your health and your magic reserves.
You regenerate magic rapidly.


Message History

Your experience leads to an increase in your attributes!
Increase (S)trength, (I)ntelligence, or (D)exterity?
You feel stronger. x2; Your demonic ancestry asserts itself...
You feel your magical essence form a protective shroud around your flesh.
You have reached level 4!
You feel agile.
You barely miss the goblin. You sock the goblin!
You kill the goblin!
Trog accepts your kill.
The gnoll hits you from afar with a +0 spear.
* * * LOW HITPOINT WARNING * * *
The gnoll misses you.
Items here: )) [[.
You barely miss the gnoll. You sock the gnoll!
You kill the gnoll!
Trog accepts your kill.
You are no longer berserk.
You are exhausted.
You feel yourself slow down.
You hit the gnoll.
The gnoll is lightly wounded.
The gnoll attacks as you move away! The gnoll hits you with a +0 flail.
* * * LOW HITPOINT WARNING * * *
The gnoll misses you. The gnoll barely misses you.
The gnoll closely misses you.
Things that are here:
a +0 club; a +0 dagger You feel much better.
The gnoll hits you from afar with a +0 spear. x2
The gnoll hits you with a +0 flail!
* * * LOW HITPOINT WARNING * * *
You thump the gnoll!
The gnoll is almost dead.
The gnoll hits you from afar with a +0 spear!
* * * LOW HITPOINT WARNING * * *
The gnoll barely misses you. The gnoll closely misses you.
The gnoll barely misses you. The gnoll hits you with a +0 flail!
You die...

________.# ________.#
______...###########++
##########'##...........
#.?(.')))'.##......#..#
##########.##..........
#...........'...........
+#####'#####......#..#.
#...#@# #...........
#...#g# ####'#####+
#..ggg# #.......#
##'#### #.......#
#...bg# #.......#
#.g.g.# #...<...#
#...gg... #.......#
#....g...##.......#
###########.......#


You could see 3 gnolls.

Vanquished Creatures
  A gnoll sergeant (D)
  2 gnolls (D)
  A bat skeleton (D)
  An endoplasm (D)
  A hobgoblin (D)
  A ball python (D)
  2 bats (D)
  A goblin (D)
  A kobold (D)
11 creatures vanquished.

Notes
Turn   | Place    | Note
-------+----------+-------------------------------------------
     0 | D        | boopmooplesden the Demonspawn Gladiator began the quest for
                  | the Orb.
     0 | D        | Reached XP level 1. HP: 16/16 MP: 1/1
    12 | D        | Reached skill level 3 in Staves
    16 | D        | Found a bloodstained altar of Trog.
    16 | D        | Found a shimmering blue altar of Sif Muna.
    16 | D        | Found a viscous altar of Jiyva.
    16 | D        | Found a hazy altar of Hepliaklqana.
    16 | D        | Found an opulent altar of Gozag.
    17 | D        | Found a basalt altar of Yredelemnul.
    17 | D        | Found a shimmering altar of Xom.
    17 | D        | Found an ornate altar of the Wu Jian Council.
    17 | D        | Found a sacrificial altar of Ru.
    17 | D        | Found a stormy altar of Qazlal.
    17 | D        | Found an iron altar of Okawaru.
    17 | D        | Found a sparkling altar of Nemelex Xobeh.
    17 | D        | Found a burning altar of Makhleb.
    17 | D        | Found a blossoming altar of Fedhas.
    17 | D        | Found a shadowy altar of Dithmenos.
    17 | D        | Found a snail-covered altar of Cheibriados.
    19 | D        | Found a corrupted altar of Lugonu.
    19 | D        | Found a radiant altar of Vehumet.
    20 | D        | Became a worshipper of Trog the Wrathful
    60 | D        | Reached * piety under Trog
    69 | D        | Noticed a gnoll sergeant
    83 | D        | Reached ** piety under Trog
    86 | D        | Reached skill level 4 in Staves
    86 | D        | Reached skill level 1 in Armour
    86 | D        | Gained mutation: You regenerate magic rapidly. [demonic
                  | ancestry]
    86 | D        | Reached XP level 2. HP: 9/23 MP: 2/2
    88 | D        | Killed a gnoll sergeant
    89 | D        | Reached skill level 5 in Staves
    89 | D        | Reached skill level 1 in Stealth
    89 | D        | Gained mutation: When hurt, damage is shared between your
                  | health and your magic reserves. [demonic ancestry]
    89 | D        | Reached XP level 3. HP: 8/29 MP: 3/3
    89 | D        | Reached XP level 4. HP: 10/35 MP: 4/4
    93 | D        | Reached *** piety under Trog
    97 | D        | Mangled by a gnoll

Illustrated notes

Levels and vault maps discovered:
D:        pitsprint [storerooms_1, entrance_room_1, metal_vault_4, armoury_1,
          mini_pit_1, grid_room_1, main_hall_1, silver_pit, the_coven_3,
          the_vestibule_1, steel_vault_2, golden_pit, hallway_of_sentries,
          crystal_vault_3, iron_vault_3, final_vault]

Skill      XL: |  1  2 |
---------------+-------+-----
Staves         | 4 5 |  5.7
Dodging        | 3 4 |  4.9
Throwing       | 2 |  2.3
Armour         | 1 2 |  2.0
Fighting       | 3 |  3.6
Stealth        | 1 |  1.3

Action                     |  1- 3 |  4- 6 || total
---------------------------+-------+-------++-------
  Melee: Quarterstaff      |    21 |     6 ||    27
 Invoke: Berserk           |     1 |       ||     1
    Use: Potion            |       |     1 ||     1
   Stab: Sleeping          |     1 |       ||     1
 Armour: Leather armour    |    11 |       ||    11
  Dodge: Dodged            |    28 |     7 ||    35
